[Event "ICCopen2016"]
[Site "Internet Chess Club"]
[Date "2016.06.04"]
[Round "11"]
[White "saira"]
[Black "livis"]
[Result "0-1"]
[ICCResult "White resigns"]
[WhiteElo "1774"]
[BlackElo "1939"]
[Opening "French: Albin-Alekhine-Châtard attack"]
[ECO "C13"]
[NIC "FR.06"]
[Time "15:55:19"]
[TimeControl "180+0"]

1. e4 e6 2. d4 d5 3. Nc3 Nf6 4. Bg5 Be7 5. e5 Nfd7 6. h4 h6 7. Bxe7 Qxe7 8.
Qg4 f5 9. Qh5+ Qf7 10. Qxf7+ Kxf7 11. Nb5 Na6 12. c3 Nb6 13. b3 Bd7 14. Na3
Nb8 15. f4 a6 16. Nf3 Nc6 17. Rc1 Ne7 18. h5 g6 19. hxg6+ Nxg6 20. g3 Rag8
21. Kf2 Ne7 22. Rh3 c6 23. Bd3 Nbc8 24. Rch1 Rg6 25. Nc2 Ng8 26. Ne3 b6 27.
Nh4 Rg7 28. Rg1 a5 29. g4 fxg4 30. Rxg4 Rxg4 31. Nxg4 Nce7 32. Ne3 b5 33.
Rf3 h5 34. f5 exf5 35. Nexf5 Nxf5 36. Nxf5 Bxf5 37. Bxf5 Ke7 38. Rg3 Nh6 39.
Bd3 Rf8+ 40. Rf3 Ng4+ 41. Kg3 Rg8 42. Kh4 Nh2 43. Rg3 Rxg3 44. Kxg3 Ng4 45.
Kh4 Ne3 46. Kxh5 Nd1 47. c4 bxc4 48. bxc4 Nc3 49. cxd5 cxd5 50. Kg5 Nxa2 51.
Bb5 Nc3 52. Bc6 a4 53. Bxa4 Nxa4 54. Kf5 Nc3 55. Kf4 Ke6 56. Ke3 Nb5 57. Kd3
Kf5 58. Ke3 Nc7 59. Kd3 Kf4 60. Kc3 Ke4 {White resigns} 0-1

[Event "ICCopen2016"]
[Site "Internet Chess Club"]
[Date "2016.06.04"]
[Round "11"]
[White "totus"]
[Black "Astigmatist"]
[Result "0-1"]
[ICCResult "White resigns"]
[WhiteElo "2320"]
[BlackElo "2044"]
[Opening "Scandinavian: Marshall variation"]
[ECO "B01"]
[NIC "SD.03"]
[Time "15:54:41"]
[TimeControl "180+0"]

1. e4 d5 2. exd5 Nf6 3. d4 Nxd5 4. c4 Nb6 5. Nc3 e5 6. d5 c6 7. Nf3 Bb4 8.
Bd2 O-O 9. dxc6 Nxc6 10. a3 Bc5 11. b4 Bd4 12. Rc1 Re8 13. Be2 e4 14. Nxd4
Nxd4 15. O-O Bf5 16. c5 Nd7 17. Be3 Nxe2+ 18. Nxe2 Ne5 19. Ng3 Bg6 20. Qxd8
Raxd8 21. Rfd1 Nd3 22. Rb1 f5 23. Bg5 Rd7 24. Nf1 h6 25. Bd2 f4 26. Bc3 e3
27. fxe3 fxe3 28. Ng3 e2 29. Re1 Nxe1 30. Rxe1 Rd3 31. Bb2 Rd1 32. Kf2 Bd3
33. Bc3 Rxe1 34. Bxe1 Kf7 35. a4 g5 36. b5 Re6 37. Bc3 a6 38. Ke1 axb5 39.
axb5 Bxb5 40. Nf5 Kg6 41. Nd4 Re5 42. Nxb5 Rxc5 43. Nd6 Rxc3 44. Nxb7 Rc2
45. Nd6 Kf6 46. Ne4+ Ke5 47. Ng3 Kf4 48. Nxe2+ Ke3 49. Kf1 Rxe2 50. h3 Rf2+
51. Kg1 Rc2 52. Kh2 Kf4 53. Kh1 Kg3 {White resigns} 0-1

[Event "ICCopen2016"]
[Site "Internet Chess Club"]
[Date "2016.06.04"]
[Round "11"]
[White "bladerunner020"]
[Black "drsigmund1"]
[Result "1-0"]
[ICCResult "Black resigns"]
[WhiteElo "1270"]
[BlackElo "1257"]
[Opening "French: Rubinstein variation"]
[ECO "C03"]
[NIC "FR.07"]
[Time "15:55:06"]
[TimeControl "180+0"]

1. e4 e6 2. d4 d5 3. Nd2 dxe4 4. Nxe4 Nd7 5. Nf3 Ngf6 6. Bd3 c5 7. Be3 cxd4
8. Bxd4 Be7 9. c3 O-O 10. Qc2 Bc5 11. Nxf6+ Nxf6 12. Bxc5 b6 13. Bxf8 Qxf8
14. O-O-O Bb7 15. Ne5 a5 16. h4 a4 17. h5 Bd5 18. c4 Bb7 19. h6 b5 20. Qe2
g6 21. cxb5 Qc5+ 22. Kb1 a3 23. b3 Bd5 24. Nc4 Bxc4 25. Bxc4 Qd4 26. Rxd4
{Black resigns}
1-0

[Event "ICCopen2016"]
[Site "Internet Chess Club"]
[Date "2016.06.04"]
[Round "11"]
[White "BlueGoose"]
[Black "HEM"]
[Result "1-0"]
[ICCResult "Black forfeits on time"]
[WhiteElo "1700"]
[BlackElo "1542"]
[Opening "Budapest defense declined"]
[ECO "A51"]
[NIC "QG.01"]
[Time "15:54:37"]
[TimeControl "180+0"]

1. d4 Nf6 2. c4 e5 3. e3 exd4 4. exd4 d5 5. Bd3 Be7 6. Ne2 O-O 7. O-O Be6 8.
b3 Nbd7 9. Nbc3 c6 10. Be3 Re8 11. Qc2 h6 12. Ng3 Rc8 13. Nf5 Bf8 14. Rae1
c5 15. cxd5 Nxd5 16. Bc4 Nxc3 17. Bxe6 Rxe6 18. Qxc3 Nf6 19. Rd1 cxd4 20.
Qxd4 Qxd4 21. Nxd4 Ra6 22. a4 Nd5 23. Bd2 Bc5 24. Nf5 Rf6 25. Bxh6 Rxf5 26.
Bc1 Nc3 27. Rde1 Rd8 28. Bb2 Bb4 29. Re3 Nd5 30. Rd3 Re8 31. Rfd1 Nf4 32.
Rg3 Ne2+ 33. Kf1 Nxg3+ 34. hxg3 Bc5 35. Rd2 Rfe5 36. Bxe5 Rxe5 37. Rd8+
{Black forfeits on time}
1-0

[Event "ICCopen2016"]
[Site "Internet Chess Club"]
[Date "2016.06.04"]
[Round "11"]
[White "nadalthegreat"]
[Black "GolfPro"]
[Result "1-0"]
[ICCResult "Black forfeits on time"]
[WhiteElo "1909"]
[BlackElo "1793"]
[Opening "Benko's opening"]
[ECO "A00"]
[NIC "VO.09"]
[Time "15:54:40"]
[TimeControl "180+0"]

1. g3 e5 2. Bg2 Nf6 3. d4 exd4 4. Qxd4 d5 5. Bg5 c6 6. Bxf6 Qxf6 7. Qxf6
gxf6 8. Nc3 Bf5 9. O-O-O Nd7 10. e4 dxe4 11. Nxe4 Bxe4 12. Bxe4 Bh6+ 13. f4
O-O-O 14. Bf5 Kc7 15. Nf3 Rhe8 16. Rd2 Nc5 17. Rhd1 Bf8 18. Bxh7 Ne4 19.
Rxd8 Rxd8 20. Bxe4 Re8 21. Bf5 Bd6 22. Re1 Rh8 23. Nh4 Bxf4+ 24. Kb1 Be5 25.
a3 Rd8 26. Nf3 Bd6 27. Rd1 Re8 28. Re1 Rh8 29. b4 Rh5 30. Bg4 Rd5 31. c4 Rd3
32. Ka2 c5 33. b5 a6 34. bxa6 bxa6 35. Bh5 Rc3 36. Kb2 Rxc4 37. Bxf7 Rg4 38.
Be6 Rg7 39. Rc1 Re7 40. Bc4 Re3 41. Nd2 Be5+ 42. Ka2 Bc3 43. Rc2 Bd4 44. Nb3
Kd6 45. Nxd4 cxd4 46. Rd2 Kc5 47. Bd3 Kd5 48. Kb3 a5 49. Ka4 Re1 50. Kxa5
Ra1 51. a4 Ra3 52. Kb4 Ra1 53. a5 Ke5 54. a6 f5 55. Kb5 f4 56. gxf4+ Kxf4
57. Kb6 Ke3 58. Rg2 Kxd3 59. Kb7 Rb1+ 60. Kc8 Ke3 61. Rg7 Ra1 62. a7 d3 63.
Kb8 d2 64. Re7+ Kf2 65. Rf7+ Ke3 66. Re7+ Kf4 67. Rf7+ Kg4 68. h3+ Kxh3 69.
Rh7+ Kg3 70. Rg7+ Kf4 71. Rf7+ Ke3 72. Re7+ Kf2 73. Rf7+ Ke1 74. a8=Q Kd1
75. Qh1+ Kc2 76. Qxa1 d1=Q 77. Qa2+ Kc1 78. Rf3 Qb3+ 79. Qxb3 Kd2 80. Qc3+
{Black forfeits on time}
1-0

[Event "ICCopen2016"]
[Site "Internet Chess Club"]
[Date "2016.06.04"]
[Round "11"]
[White "K4"]
[Black "HeyBooBooULose"]
[Result "0-1"]
[ICCResult "White resigns"]
[WhiteElo "1259"]
[BlackElo "1351"]
[Opening "QGD: symmetrical (Austrian) defense"]
[ECO "D06"]
[NIC "QP.08"]
[Time "15:55:41"]
[TimeControl "180+0"]

1. d4 d5 2. c4 c5 3. cxd5 cxd4 4. Nf3 Qxd5 5. Qxd4 Qxd4 6. Nxd4 Nc6 7. Nf3
Bg4 8. h3 Bxf3 9. exf3 O-O-O 10. Bc4 Nd4 11. Na3 e5 12. Bxf7 Bxa3 13. bxa3
Nc2+ 14. Ke2 Nxa1 15. Bb2 Nc2 16. Rc1 Nf6 17. Rxc2+ Kd7 18. Bb3 Ke7 19. Bxe5
Nd5 20. Rd2 Nf6 21. Rc2 Rhe8 22. Rc7+ Nd7 23. Rxb7 Kf8 24. f4 Nxe5 25. fxe5
Rxe5+ 26. Kf3 Re7 27. Rb4 Rd3+ 28. Kg4 Rd2 29. Rf4+ Ke8 30. Rf3 g6 31. Kg3
Re5 32. Kh2 Ree2 33. Kg3 Re5 34. Rc3 Ree2 35. Rf3 Re5 36. Rc3 Rg5+ 37. Kf3
Rf5+ 38. Kg3 Rfxf2 39. Re3+ Kd8 40. Ba4 Rxg2+ 41. Kh4 Rxa2 42. Re8+ Kc7
{White resigns}
0-1

[Event "ICCopen2016"]
[Site "Internet Chess Club"]
[Date "2016.06.04"]
[Round "11"]
[White "PawnTerminator"]
[Black "NETAO"]
[Result "1/2-1/2"]
[ICCResult "Black stalemated"]
[WhiteElo "1622"]
[BlackElo "1803"]
[Opening "Polish: Outflank variation"]
[ECO "A00"]
[NIC "VO.10"]
[Time "15:54:51"]
[TimeControl "180+0"]

1. b4 c6 2. Bb2 Qb6 3. a3 a5 4. c4 axb4 5. c5 Qc7 6. axb4 Rxa1 7. Bxa1 d5 8.
Nf3 f6 9. e3 e5 10. Be2 Bf5 11. Nc3 Nd7 12. Nh4 Be6 13. O-O Nh6 14. g3 Be7
15. Ng2 f5 16. f4 e4 17. Na4 b5 18. Bxg7 Nf7 19. Bxh8 Nxh8 20. Nb2 Bf6 21.
Qc1 Ng6 22. Bh5 Nf8 23. d3 d4 24. dxe4 Qg7 25. e5 Bd8 26. exd4 Bd5 27. Ne3
Be4 28. Nbd1 Ne6 29. Nf2 Qh6 30. Bxg6+ hxg6 31. Nxe4 fxe4 32. d5 Nd4 33. Qd2
Nf3+ 34. Rxf3 exf3 35. Qf2 cxd5 36. Nxd5 Qh5 37. Ne3 g5 38. g4 Qh3 39. Qg3
Qxg3+ 40. hxg3 Kd7 41. Kf2 Ke6 42. Kxf3 Bc7 43. Ke4 Bb8 44. f5+ Ke7 45. Nd5+
Kd7 46. e6+ Ke8 47. f6 Bxg3 48. Kf5 Bf4 49. f7+ Kf8 50. Kf6 Bd6 51. e7+
Bxe7+ 52. Nxe7 {Black stalemated} 1/2-1/2

[Event "ICCopen2016"]
[Site "Internet Chess Club"]
[Date "2016.06.04"]
[Round "11"]
[White "Towinning"]
[Black "Westbank"]
[Result "1-0"]
[ICCResult "Black forfeits on time"]
[WhiteElo "2342"]
[BlackElo "2143"]
[Opening "Queen's pawn, Mason variation"]
[ECO "D00"]
[NIC "QP.08"]
[Time "15:54:35"]
[TimeControl "180+0"]

1. d4 d5 2. Bf4 Nf6 3. e3 c6 4. Nf3 Bf5 5. c4 e6 6. Nc3 Bb4 7. Qb3 Qa5 8.
Nd2 Bxc3 9. bxc3 Qb6 10. c5 Qxb3 11. axb3 a6 12. b4 Nbd7 13. h3 O-O 14. Be2
h6 15. O-O Ne4 16. Nxe4 Bxe4 17. Bd6 Rfe8 18. c4 dxc4 19. Bxc4 e5 20. f3 Bd5
21. Bxd5 cxd5 22. Rfe1 f6 23. Rad1 e4 24. fxe4 Rxe4 25. Kf2 Rae8 26. Ra1 f5
27. g3 R4e6 28. Ra5 Nf6 29. Be5 Ne4+ 30. Kf3 Nd2+ 31. Kg2 Ne4 32. b5 axb5
33. Rxb5 R8e7 34. Reb1 Ra6 35. R1b2 g5 36. Rxb7 Rxb7 37. Rxb7 Ra2+ 38. Kg1
Ra1+ 39. Kg2 Ra2+ 40. Kf1 Ra1+ 41. Ke2 Ra2+ 42. Kd1 Nc3+ 43. Kc1 Ne2+ 44.
Kb1 Nc3+ 45. Kc1 Ne2+ 46. Kd1 Nc3+ 47. Ke1 Re2+ 48. Kf1 Ra2 49. c6 Ra1+ 50.
Kf2 Ra2+ 51. Ke1 Ra1+ 52. Kd2 Ne4+ 53. Kc2 Ra4 54. c7 Rc4+ 55. Kb2 f4 56.
gxf4 gxf4 57. exf4 h5 58. Rb8+ Kf7 59. c8=Q Rxc8 60. Rxc8 Ke6 61. Rc6+ Kf5
62. Rh6 h4 63. Rxh4 Kg6 64. Rh8 Kf7 65. Rd8 Ke6 66. Re8+ Kf5 67. Ra8 Ke6 68.
Ra5 Nd2 69. Ra6+ Kf5 70. Kc3 Ne4+ 71. Kd3 Nf2+ 72. Ke3 Nxh3 73. Rf6+ Kg4 74.
Rg6+ Kf5 75. Rg8 Nxf4 76. Rf8+ {Black forfeits on time} 1-0

[Event "ICCopen2016"]
[Site "Internet Chess Club"]
[Date "2016.06.04"]
[Round "11"]
[White "goran-esyu"]
[Black "panom"]
[Result "1/2-1/2"]
[ICCResult "Game drawn because neither player has mating material"]
[WhiteElo "2151"]
[BlackElo "1690"]
[Opening "Scotch: Schmidt variation"]
[ECO "C45"]
[NIC "SO.04"]
[Time "15:54:17"]
[TimeControl "180+0"]

1. e4 e5 2. Nf3 Nc6 3. d4 exd4 4. Nxd4 Nf6 5. Nc3 Bb4 6. Nxc6 dxc6 7. Bd3
O-O 8. O-O Bxc3 9. bxc3 Re8 10. Re1 Be6 11. Bg5 h6 12. Bh4 g5 13. Bg3 Bg4
14. f3 Be6 15. Qc1 Nh5 16. Bf2 Nf4 17. Bf1 Qe7 18. Be3 Ng6 19. Rb1 b6 20. a4
a5 21. c4 f6 22. Qb2 Ne5 23. Qc3 Qf7 24. c5 bxc5 25. Qxc5 Bc4 26. Bxc4 Qxc4
27. Qxc4+ Nxc4 28. Bc1 Rab8 29. Rb3 Rxb3 30. cxb3 Ne5 31. Rd1 Kf7 32. Kf2
Ke6 33. Ke2 Rb8 34. Bd2 Rxb3 35. Bxa5 Ra3 36. Rd4 c5 37. Rd2 Rxa4 38. Bxc7
Ra6 39. Rc2 Rc6 40. Bd8 c4 41. Ba5 Ra6 42. Bc3 Ra4 43. Ke3 Ra8 44. Kd4 Rd8+
45. Kc5 Rc8+ 46. Kb6 Rb8+ 47. Kc7 Rb3 48. Bxe5 fxe5 49. Rxc4 Rb2 50. Rc6+
Kf7 51. Rxh6 Rxg2 52. Kd6 Rf2 53. Rh3 Kf6 54. Rh6+ Kg7 55. Rh5 Rxf3 56.
Rxg5+ Kf6 57. Rxe5 Rd3+ 58. Rd5 Ra3 59. e5+ Kf7 60. e6+ Kf6 61. h4 Ra6+ 62.
Kd7 Rxe6 63. h5 Re1 64. Rd6+ Kg7 65. h6+ Kh7 66. Re6 Rh1 67. Ke7 Rxh6 68.
Rxh6+ Kxh6 {Game drawn because neither player has mating material} 1/2-1/2

[Event "ICCopen2016"]
[Site "Internet Chess Club"]
[Date "2016.06.04"]
[Round "11"]
[White "PolishRyszard"]
[Black "thenowtime"]
[Result "0-1"]
[ICCResult "White forfeits on time"]
[WhiteElo "1680"]
[BlackElo "1920"]
[Opening "Trompowsky attack (Ruth, Opocenský opening)"]
[ECO "A45"]
[NIC "QP.07"]
[Time "15:55:17"]
[TimeControl "180+0"]

1. d4 Nf6 2. Bg5 e6 3. Nd2 d5 4. c3 Nbd7 5. e4 dxe4 6. Nxe4 Be7 7. Ng3 O-O
8. Nf3 c5 9. Bd3 cxd4 10. Nxd4 Qa5 11. Qd2 Ne5 12. Be2 Rd8 13. O-O Bd7 14.
Bxf6 Bxf6 15. Ne4 Be7 16. f4 Ng6 17. Qe3 Qb6 18. Rab1 f5 19. Ng5 Nxf4 20.
Qxf4 e5 21. Qh4 h6 22. Qg3 exd4 23. Bc4+ Kf8 24. Nh7+ Ke8 25. Rbe1 dxc3+ 26.
Kh1 g5 27. Qh3 Qg6 28. Rxe7+ Kxe7 29. Re1+ Kd6 30. Qd3+ Kc7
{White forfeits on time}
0-1

[Event "ICCopen2016"]
[Site "Internet Chess Club"]
[Date "2016.06.04"]
[Round "11"]
[White "lmenezes"]
[Black "TudoracheM"]
[Result "0-1"]
[ICCResult "White forfeits on time"]
[WhiteElo "1572"]
[BlackElo "1715"]
[Opening "Trompowsky attack (Ruth, Opocenský opening)"]
[ECO "A45"]
[NIC "QP.07"]
[Time "15:55:17"]
[TimeControl "180+0"]

1. d4 Nf6 2. Bg5 g6 3. Bxf6 exf6 4. Nf3 Bg7 5. c4 d6 6. Nc3 f5 7. e3 O-O 8.
Be2 h6 9. O-O Nc6 10. Qd2 Re8 11. Rfe1 g5 12. Qc2 a6 13. Rad1 Bd7 14. a3 Ne7
15. d5 Ng6 16. Nd4 Qc8 17. Bd3 Re5 18. Nb1 c5 19. dxc6 bxc6 20. Nd2 g4 21.
f4 gxf3 22. N2xf3 Ra5 23. b4 Re5 24. Nxe5 dxe5 25. Nxf5 Bf8 26. Be4 Be6 27.
Nd6 Qc7 28. c5 Ne7 29. Qe2 f5 30. Bd3 e4 31. Bc4 Nd5 32. Qh5 Qg7 33. Nxf5
Qg5 34. Nxh6+ Qxh6 {White forfeits on time} 0-1

[Event "ICCopen2016"]
[Site "Internet Chess Club"]
[Date "2016.06.04"]
[Round "11"]
[White "ivancele"]
[Black "blackending"]
[Result "0-1"]
[ICCResult "White forfeits on time"]
[WhiteElo "1528"]
[BlackElo "1691"]
[Opening "King's Indian: Four pawns attack"]
[ECO "E76"]
[NIC "KI.57"]
[Time "15:54:55"]
[TimeControl "180+0"]

1. d4 Nf6 2. c4 g6 3. Nc3 Bg7 4. e4 d6 5. f4 O-O 6. Nf3 c5 7. d5 e6 8. Be2
exd5 9. exd5 Re8 10. O-O a6 11. a4 Bg4 12. h3 Bxf3 13. Bxf3 Nbd7 14. a5 Nf8
15. Bd2 h6 16. Qc2 N8h7 17. Rfe1 Qd7 18. Rxe8+ Rxe8 19. Re1 Rxe1+ 20. Bxe1
Qe7 21. Bd2 Nf8 22. Na4 N8d7 23. Qd3 Ne8 24. Bc3 Bxc3 25. Qxc3 Qf6 26. Kf2
Qxc3 27. Nxc3 f5 28. Ke3 Kf7 29. b3 Nef6 30. Na4 g5 31. g3 g4 32. hxg4 Nxg4+
33. Bxg4 fxg4 34. Ke4 Kf6 35. Nb2 Kg6 36. Na4 Nf6+ 37. Ke3 Nd7 38. Ke4 Kf6
39. Nc3 Kg6 40. Nd1 h5 41. Nc3 Nf6+ 42. Ke3 Kf5 43. Kd3 Nd7 44. Ke3 Nf6 45.
Kd3 h4 46. gxh4 Kxf4 47. Ke2 g3 48. Kf1 Kg4 49. Kg2 Kxh4 50. Ne2 Ne4 51. Nf4
Kg4 52. Ne6 Nd2 53. Nd8 Nxb3 54. Nxb7 Nd2 {White forfeits on time} 0-1

[Event "ICCopen2016"]
[Site "Internet Chess Club"]
[Date "2016.06.04"]
[Round "11"]
[White "TasteOflover"]
[Black "Kalmyk"]
[Result "1-0"]
[ICCResult "Black resigns"]
[WhiteElo "2921"]
[BlackElo "2980"]
[Opening "Queen's pawn game"]
[ECO "E10"]
[NIC "QI.01"]
[Time "15:54:55"]
[TimeControl "180+0"]

1. d4 Nf6 2. c4 e6 3. Nf3 d5 4. g3 Bb4+ 5. Bd2 Be7 6. Bg2 O-O 7. Qc2 c6 8.
O-O b6 9. Bg5 Ba6 10. Nbd2 Nbd7 11. b3 Rc8 12. Rac1 h6 13. Bxf6 Nxf6 14.
Rfd1 Ba3 15. Rb1 Bb4 16. e3 c5 17. Qb2 Qe7 18. cxd5 Nxd5 19. a3 Bc3 20. Qa2
cxd4 21. exd4 Be2 22. Re1 Bxf3 23. Bxf3 Qf6 24. Kg2 Bxd4 25. Ne4 Qg6 26.
Rbd1 e5 27. b4 Rfd8 28. Rc1 Ne7 29. h4 Rxc1 30. Rxc1 Nd5 31. Qc4 Nf4+ 32.
Kh2 Ne6 33. Rc2 Qf5 34. Kg2 g5 35. hxg5 hxg5 36. Qe2 Qg6 37. Bh5 Qh6 38. Bg4
Kg7 39. Bxe6 Rh8 40. Rc1 Qh2+ 41. Kf3 fxe6 42. Nxg5 Qh5+ 43. g4 Qxg5 44.
Rc7+ Kf6 45. Qe4 Rh3+ 46. Ke2 Rh2 47. Qf3+ Qf4 48. g5+ Kf5 49. Rf7+ Kxg5 50.
Rxf4 Rxf2+ 51. Qxf2 Bxf2 52. Rxf2 e4 53. Ke3 e5 54. Kxe4 Kg4 55. Kxe5 Kg3
56. Rf4 Kg2 57. Rd4 Kh2 58. Rd6 Kg1 59. b5 Kg2 60. Kd5 {Black resigns} 1-0

[Event "ICCopen2016"]
[Site "Internet Chess Club"]
[Date "2016.06.04"]
[Round "11"]
[White "tangent"]
[Black "cloak1"]
[Result "1/2-1/2"]
[ICCResult "Game drawn by mutual agreement"]
[WhiteElo "1941"]
[BlackElo "1840"]
[Opening "QGD: Tarrasch, Prague variation, Normal position"]
[ECO "D30"]
[NIC "TD.04"]
[Time "15:55:52"]
[TimeControl "180+0"]

1. d4 d5 2. c4 e6 3. Nf3 c5 4. cxd5 exd5 5. g3 Nf6 6. Bg2 Nc6 7. O-O Be7 8.
Nc3 O-O 9. dxc5 Bxc5 10. Bg5 Be6 11. Nd2 h6 12. Bxf6 Qxf6 13. Nb3 Bb4 14.
Nxd5 Bxd5 15. Bxd5 Qxb2 16. Bxc6 bxc6 17. Qd4 Qxd4 18. Nxd4 Bc3 19. Rad1
Bxd4 20. Rxd4 Rab8 21. Rc1 Rb2 22. Ra4 Re8 23. e3 Rd8 24. Rxa7 Rdd2 25. Rf1
Rxa2 26. Rxa2 Rxa2 27. Rc1 Ra6 28. Kf1 Kf8 29. Rc2 Ke7 30. Ke2 Kd6 31. Kd3
c5 32. e4 Ra3+ 33. Ke2 Ra8 34. f4 Rc8 35. h4 c4 36. Ke3 Kc5 37. e5 Kb4 38.
f5 Kb3 39. Kd2 Rd8+ 40. Kc1 c3 41. Re2 Ra8 42. Kb1 Rd8 43. Kc1 Rd3 44. e6
Rxg3 45. Re1 fxe6 46. fxe6 Rg2 47. e7 Rc2+ {Game drawn by mutual agreement}
1/2-1/2

[Event "ICCopen2016"]
[Site "Internet Chess Club"]
[Date "2016.06.04"]
[Round "11"]
[White "ChAn"]
[Black "hhex"]
[Result "1-0"]
[ICCResult "Black forfeits on time"]
[WhiteElo "1524"]
[BlackElo "1595"]
[Opening "Sicilian: Kan, Maróczy bind (Réti variation)"]
[ECO "B41"]
[NIC "SI.41"]
[Time "15:54:59"]
[TimeControl "180+0"]

1. e4 c5 2. Nf3 e6 3. d4 cxd4 4. Nxd4 a6 5. c4 Qc7 6. Nc3 Nf6 7. Be3 Bb4 8.
f3 Nc6 9. Nxc6 dxc6 10. Bd4 e5 11. Be3 Be6 12. Qc2 O-O 13. Be2 Rfd8 14. O-O
h6 15. Rfd1 Qa5 16. Rxd8+ Rxd8 17. Nb1 Bc5 18. Bxc5 Qxc5+ 19. Kf1 Bxc4 20.
Bxc4 Qe3 21. a4 Nh5 22. Ra3 Qf4 23. Kf2 Qxh2 24. Qb3 Nf4 25. Bf1 Qh4+ 26.
Kg1 Qg3 27. Qe3 Nh3+ 28. Kh1 Nf2+ 29. Kg1 Nh3+ 30. Kh1 Nf4 31. b4 Rd1 32.
Nd2 Qh4+ 33. Kg1 Nh3+ 34. gxh3 {Black forfeits on time} 1-0

[Event "ICCopen2016"]
[Site "Internet Chess Club"]
[Date "2016.06.04"]
[Round "11"]
[White "WoodTree"]
[Black "Peretyatko"]
[Result "0-1"]
[ICCResult "White forfeits on time"]
[WhiteElo "2360"]
[BlackElo "2769"]
[Opening "Saragossa opening"]
[ECO "A00"]
[NIC "VO.12"]
[Time "15:55:17"]
[TimeControl "180+0"]

1. c3 d6 2. d4 e5 3. Nf3 e4 4. Ng5 f5 5. g3 Be7 6. h4 c6 7. c4 Nf6 8. Nc3
Na6 9. Bf4 Nc7 10. e3 h6 11. Nh3 Be6 12. h5 Bf7 13. Be2 O-O 14. Rc1 b6 15.
a3 c5 16. d5 a6 17. b4 Qd7 18. Kf1 cxb4 19. axb4 a5 20. b5 Qd8 21. Na4 Nd7
22. g4 fxg4 23. Bxg4 Rb8 24. Rg1 Kh8 25. Bf5 Nf6 26. Bg6 Qd7 27. Rg3 Bxg6
28. hxg6 Qf5 29. Nc3 Nh5 30. Rg4 Ne8 31. Kg2 Nef6 32. Rg3 Nxg3 33. fxg3 Qxg6
34. Nf2 Kg8 35. Qd4 Ng4 36. Na4 Nxf2 37. Kxf2 Qf7 38. Rh1 Rbe8 39. Nxb6 Bd8
40. c5 dxc5 41. Qxc5 Bxb6 42. Qxb6 Qxd5 43. Re1 Rf6 44. Qxa5 g5 45. Qc3 Ref8
46. Rg1 Kh7 47. b6 gxf4 48. gxf4 Qh5 49. Rg3 Qh4 50. Qc7+ R8f7 51. Qe5 Rg7
52. Qxe4+ Rfg6 53. f5 Qxg3+ 54. Ke2 Qg2+ 55. Kd3 Rd7+ 56. Kc3 Qxe4 57. fxg6+
Kxg6 {White forfeits on time} 0-1

[Event "ICCopen2016"]
[Site "Internet Chess Club"]
[Date "2016.06.04"]
[Round "11"]
[White "RussianCowboy"]
[Black "zloco"]
[Result "1-0"]
[ICCResult "Black forfeits on time"]
[WhiteElo "2093"]
[BlackElo "2312"]
[Opening "Sicilian: Hungarian variation"]
[ECO "B27"]
[NIC "SI.43"]
[Time "15:55:23"]
[TimeControl "180+0"]

1. e4 c5 2. Nf3 g6 3. c3 d5 4. d3 Bg7 5. Be2 Nc6 6. Nbd2 e6 7. O-O Nge7 8.
a4 O-O 9. exd5 Nxd5 10. Nb3 b6 11. d4 cxd4 12. Nbxd4 Bb7 13. Bg5 Qc8 14. Nb5
Qb8 15. Bc4 Na5 16. Ba2 a6 17. Nbd4 h6 18. Bh4 Nf4 19. Bg3 e5 20. Bxf4 exf4
21. h4 Nc6 22. Ne2 Qc7 23. Qc1 Ne5 24. Qxf4 Nxf3+ 25. gxf3 Qc5 26. Rad1 Rae8
27. Nd4 Kh7 28. h5 Qxh5 29. Qg4 Qc5 30. Rde1 Bxd4 31. cxd4 Qd6 32. Rxe8 Rxe8
33. Bxf7 Rf8 34. Qe6 Qxe6 35. Bxe6 Bxf3 36. Kh2 Rd8 37. Kg3 Bc6 38. Rc1 Bxa4
39. Rc7+ Kh8 40. d5 Rd6 41. Kf4 Bb3 42. Ke5 Rd8 43. Rb7 b5 44. Ra7
{Black forfeits on time}
1-0

[Event "ICCopen2016"]
[Site "Internet Chess Club"]
[Date "2016.06.04"]
[Round "11"]
[White "jonesey"]
[Black "The7thGuest"]
[Result "1/2-1/2"]
[ICCResult "White ran out of time and Black has no material to mate"]
[WhiteElo "1794"]
[BlackElo "2098"]
[Opening "Sicilian defense"]
[ECO "B20"]
[NIC "SI.48"]
[Time "15:55:16"]
[TimeControl "180+0"]

1. e4 c5 2. c4 e6 3. Nc3 Nc6 4. g3 g6 5. Bg2 Bg7 6. Nge2 Nge7 7. d3 O-O 8.
O-O Nd4 9. Rb1 Rb8 10. b4 cxb4 11. Rxb4 Nec6 12. Rb1 d6 13. Be3 a6 14. Nxd4
Nxd4 15. Ne2 Nxe2+ 16. Qxe2 b5 17. d4 Bd7 18. Rfc1 bxc4 19. Rxb8 Qxb8 20.
Qxc4 Bb5 21. Qc7 Rd8 22. Qxb8 Rxb8 23. Rb1 Rc8 24. Bf1 Bxf1 25. Kxf1 Ra8 26.
Rb6 Bf8 27. d5 exd5 28. exd5 f5 29. Bf4 Kf7 30. Bxd6 Bxd6 31. Rxd6 Ke7 32.
Rb6 Kd7 33. Rb7+ Kd6 34. Rxh7 Kxd5 35. Rg7 Ke4 36. Rxg6 a5 37. Re6+ Kd4 38.
Rf6 Ke5 39. Rb6 a4 40. Ke2 a3 41. Ke3 Ra4 42. f4+ Kd5 43. Rb5+ Ke6 44. h4
Kf6 45. Rb6+ Kg7 46. h5 Rc4 47. Rb3 Ra4 48. Kf3 Kh6 49. g4 fxg4+ 50. Kxg4
Ra5 51. Rb6+ Kh7 52. f5 Rc5 53. Ra6 Rc3 54. Kg5 Rg3+ 55. Kf6 Kh6 56. Ke5+
Kxh5 57. Kf4 Rc3 58. Ra4 Kh6 59. Ke5 Re3+ 60. Re4 Rc3 61. Kf6 Kh7 62. Kf7
Rc7+ 63. Re7 Rc2 64. f6 Rxa2 65. Ke8+ Kg6 66. f7 Rf2 67. f8=Q Rxf8+ 68. Kxf8
a2 69. Ra7 Kf5 70. Rxa2 Ke4
{White ran out of time and Black has no material to mate}
1/2-1/2

[Event "ICCopen2016"]
[Site "Internet Chess Club"]
[Date "2016.06.04"]
[Round "11"]
[White "Desideratum"]
[Black "motipen"]
[Result "0-1"]
[ICCResult "White forfeits on time"]
[WhiteElo "1683"]
[BlackElo "1890"]
[Opening "King's pawn opening"]
[ECO "B07"]
[NIC "VO.17"]
[Time "15:55:04"]
[TimeControl "180+0"]

1. e4 d6 2. f4 Nf6 3. e5 dxe5 4. fxe5 Nd5 5. Nf3 c5 6. Bb5+ Bd7 7. Qe2 Nc6
8. Bxc6 Bxc6 9. d3 e6 10. O-O Be7 11. Nc3 O-O 12. Ne4 b6 13. a3 h6 14. Bd2
Rc8 15. Qf2 f5 16. exf6 Nxf6 17. Nxf6+ Bxf6 18. Bc3 Bxc3 19. bxc3 Qf6 20.
Qd2 e5 21. Rae1 Rce8 22. h3 Qf4 23. Qxf4 exf4 24. Rxe8 Rxe8 25. Nh4 g5 26.
Nf5 Kh7 27. Kf2 Kg6 28. Nd6 Re6 29. Nc4 Bb5 30. Nd2 h5 31. c4 Bc6 32. Nf3
Kf5 33. Re1 Bxf3 34. Rxe6 Kxe6 35. Kxf3 Kf5 36. a4 g4+ 37. hxg4+ hxg4+ 38.
Kf2 Ke5 39. c3 Kf5 40. Ke2 Kg5 41. d4 Kf5 42. d5 Ke5 43. Kd3 Kf5 44. d6 Ke6
45. Ke4 f3 46. gxf3 gxf3 47. Kxf3 Kxd6 48. Ke3 Ke5 49. Kd3 Kf4 50. Kc2 Ke3
{White forfeits on time}
0-1

[Event "ICCopen2016"]
[Site "Internet Chess Club"]
[Date "2016.06.04"]
[Round "11"]
[White "TrendFriend"]
[Black "LittleMaster"]
[Result "1-0"]
[ICCResult "Black forfeits on time"]
[WhiteElo "2515"]
[BlackElo "2340"]
[Opening "Ruy Lopez: Berlin defense"]
[ECO "C65"]
[NIC "RL.07"]
[Time "15:54:55"]
[TimeControl "180+0"]

1. e4 e5 2. Nf3 Nc6 3. Bb5 Nf6 4. Qe2 d6 5. c3 Bd7 6. h3 a6 7. Ba4 Be7 8.
Bc2 O-O 9. O-O Nh5 10. d4 Nf4 11. Bxf4 exf4 12. Nbd2 f5 13. exf5 Bxf5 14.
Bxf5 Rxf5 15. Qe6+ Rf7 16. Rae1 Bf6 17. Re4 Qf8 18. Rxf4 Re8 19. Qd5 Kh8 20.
Re1 Rxe1+ 21. Nxe1 Re7 22. Nef3 Qe8 23. Re4 h6 24. Rxe7 Qxe7 25. Qe4 Qf7 26.
b3 d5 27. Qd3 Ne7 28. Nf1 c6 29. Ne3 Qe6 30. Nh2 Bg5 31. Nhg4 Ng6 32. Qf5
Qe8 33. Ne5 Nxe5 34. dxe5 g6 35. Qd3 Qxe5 36. Ng4 Qe1+ 37. Kh2 Qe6 38. g3 h5
39. Ne3 Kg7 40. Nc2 Bf6 41. Ne3 Qe5 42. c4 Qb2 43. Kg2 d4 44. Nc2 Qxa2 45.
Nxd4 Qb2 46. Ne6+ Kh6 47. Nf4 Kg7 48. Qxg6+ Kf8 49. Nxh5 Bd4 50. Qf5+ Ke7
51. Qf3 Qc3 52. Qxc3 Bxc3 53. Nf4 b5 54. cxb5 axb5 55. h4 Kd6 56. Kf3 Kc5
57. Nd3+ Kd4 58. Ke2 c5 59. g4 c4 60. bxc4 Kxc4 61. g5 b4 62. Nxb4 Kxb4 63.
Kd3 Ba1 64. f4 Kc5 65. Ke4 Kd6 66. Kf5 Ke7 67. Kg6 Kf8 68. Kh7 Kf7 69. f5
Bf6 70. Kh6 Bg7+ 71. Kh5 Kg8 72. Kg4 Kh7 73. h5 Bf8 74. Kf4 Kg7 75. Ke4 Kf7
76. Kd5 Kg7 77. f6+ Kg8 78. Ke6 Bh6 79. g6 Bg7 80. Kf5 Bxf6 81. Kxf6 Kf8 82.
h6 Kg8 83. g7 Kh7 84. Kf7 Kxh6 85. g8=Q Kh5 86. Kf6 Kh4 87. Kf5 Kh3 88. Kf4
Kh2 89. Kf3 Kh1 90. Kf2 Kh2 91. Kf3 {Black forfeits on time} 1-0